 Dungeon Crawl Stone Soup version 0.25.0-11-g1f837a76a1 (webtiles) character file.

Game seed: 14954621111761300731

151579 Flugkiller the Unseen (level 15, 0/77 HPs)
             Began as a Spriggan Enchanter on June 26, 2020.
             Was an Elder of Dithmenos.
             Slain by an Orb Guardian (9 damage)
             ... on level 5 of the Realm of Zot.
             The game lasted 02:00:57 (24355 turns).

Flugkiller the Unseen (Spriggan Enchanter)         Turns: 24355, Time: 02:00:58

Health: 0/77       AC:  3    Str:  4    XL:     15   Next: 98%
Magic:  6/28       EV: 35    Int: 23    God:    Dithmenos [****..]
Gold:   2023       SH: 16    Dex: 30    Spells: 2/30 levels left

rFire    + + +     SeeInvis +   F - +7 dagger (elec)
rCold    . . .     Gourm    .   G - +3 buckler
rNeg     + + +     Faith    .   v - +2 robe {rF+}
rPois    ∞         Spirit   .   n - +2 hat
rElec    .         Reflect  +   L - scarf {rC+ rF+}
rCorr    .         Harm     .   (gloves unavailable)
MR       +++++     Clarity  +   (boots unavailable)
Stlth    ++++++++++             w - amulet of reflection
HPRegen  0.22/turn              g - +6 ring of dexterity
MPRegen  0.21/turn              M - ring of Vucvus {Fire Int+5 Slay+2}

@: about to teleport, shadow-form, marked, corroded, very slightly contaminated,
hasted, wreathed by umbra, drained, invisible, very quick
A: very small, unfitting armour, antennae 1, rugged brown scales 1, thin
skeletal structure 1, see invisible, clarity, herbivore, speed 3, slow
metabolism 2
}: 3/15 runes: decaying, serpentine, abyssal
a: End Transformation, Shadow Step, Renounce Religion


You were on level 5 of the Realm of Zot.
You worshipped Dithmenos.
Dithmenos was greatly pleased with you.
You were not hungry.
You were a swirling mass of dark shadows.
You visited 8 branches of the dungeon, and saw 42 of its levels.
You visited the Abyss 1 time.
You also visited: Gauntlet and Ice Cave.

You collected 3152 gold pieces.
You spent 1129 gold pieces at shops.

Inventory:

Hand Weapons
 F - a +7 dagger of electrocution (weapon)
   (You took it off an orc wizard on level 2 of the Orcish Mines)
Armour
 n - a +2 hat (worn)
   (You found it on level 1 of the Lair of Beasts)
 t - a +0 cloak of magic resistance
   (You found it on level 1 of the Abyss)
 v - a +2 robe of fire resistance (worn)
   (You took it off Jorgrun on level 2 of the Orcish Mines)
 G - a +3 buckler (worn)
   (You bought it in a shop on level 2 of the Orcish Mines)
 L - a scarf of resistance (worn)
   (You found it in a Gauntlet)
Jewellery
 a - a cursed ring of teleportation {unknown}
   (You found it on level 2 of the Realm of Zot)
 b - an uncursed ring of flight {unknown}
   (You found it on level 3 of the Realm of Zot)
 g - a +6 ring of dexterity (left hand)
   (You found it on level 1 of the Depths)
 m - an uncursed ring of protection from cold
   (You found it on level 5 of the Dungeon)
 p - a +6 ring of intelligence
   (You found it on level 1 of the Lair of Beasts)
 w - an amulet of reflection (around neck)
   (You found it on level 3 of the Lair of Beasts)
 y - an uncursed ring of resist corrosion
   (You found it on level 5 of the Lair of Beasts)
 M - the ring of Vucvus (right hand) {Fire Int+5 Slay+2}
   (You found it in a Gauntlet)

   [ring of fire]

   It enhances your fire magic.
   It affects your intelligence (+5).
   It affects your accuracy and damage with ranged weapons and melee attacks
   (+2).
   It protects you from fire.
   It makes you vulnerable to cold.
 P - the ring "Feshod" {MR+ Str+6}
   (You found it in a Gauntlet)

   [ring of protection from magic]

   It affects your strength (+6).
   It affects your resistance to hostile enchantments.
Wands
 i - a wand of enslavement (15)
   (You took it off a centaur on level 8 of the Dungeon)
 j - a wand of clouds (3)
   (You found it on level 5 of the Dungeon)
 q - a wand of paralysis (38)
   (You found it on level 4 of the Lair of Beasts)
 r - a wand of iceblast (8)
   (You found it on level 3 of the Lair of Beasts)
 D - a wand of flame (16)
   (You found it on level 4 of the Snake Pit)
Scrolls
 e - a scroll of vulnerability
 k - 8 scrolls of teleportation
 l - a scroll of magic mapping
 u - 3 scrolls of fog
 B - 3 scrolls of remove curse
 C - 3 scrolls of blinking
 E - 3 scrolls of immolation
 I - a scroll of amnesia
 K - 2 scrolls of enchant armour
Potions
 f - a potion of magic
 h - 2 potions of berserk rage
 s - 3 potions of stabbing
 x - 2 potions of ambrosia
 z - a potion of lignification
 A - 4 potions of curing
 J - 2 potions of invisibility
 O - a potion of flight
Miscellaneous
 Q - a phantom mirror
 S - a box of beasts
Comestibles
 d - 14 rations


   Skills:
 - Level 7.0(5.9) Fighting
 - Level 8.0(6.9) Short Blades
 + Level 15.9(14.7) Dodging
 - Level 20.0(18.6) Stealth
 - Level 3.1(2.2) Shields
 - Level 8.1(7.1) Spellcasting
 - Level 14.0(12.7) Hexes
 - Level 3.1(2.2) Translocations
 - Level 4.2(3.3) Transmutations
 - Level 2.6(1.7) Air Magic
 - Level 2.8(1.9) Earth Magic
 - Level 12.0(10.8) Invocations
 - Level 8.1(7.1) Evocations


You had 2 spell levels left.
You knew the following spells:

 Your Spells              Type           Power        Failure   Level  Hunger
a - Corona                Hex            ###....      1%          1    None
b - Ensorcelled Hibernat  Hex/Ice        #.....       1%          2    None
c - Confusing Touch       Hex            ###.....     1%          3    None
d - Tukima's Dance        Hex            ###.....     1%          3    None
e - Cause Fear            Hex            ###.......   1%          4    ###....
f - Passwall              Tmut/Erth      #.......     5%          2    None
g - Silence               Hex/Air        ##........   16%         5    #####..
h - Metabolic Englaciati  Hex/Ice        #.........   22%         5    #####..
q - Apportation           Tloc           #.....       4%          1    None
r - Blink                 Tloc           N/A          6%          2    None

Your spell library contained the following spells:

 Spells                   Type           Power        Failure   Level  Hunger
 Slow                     Hex            ###.....     1%          2    None
 Sandblast                Erth           #.....       4%          1    None
 Sting                    Tmut/Pois      #...         5%          1    None
 Animate Skeleton         Necr           N/A          11%         1    None
 Infusion                 Chrm           #...         11%         1    None
 Magic Dart               Conj           #...         11%         1    None
 Pain                     Necr           #...         11%         1    None
 Summon Small Mammal      Summ           #...         11%         1    None
 Corpse Rot               Necr/Air       N/A          12%         2    None
 Poisonous Vapours        Pois/Air       #.....       12%         2    None
 Call Imp                 Summ           #.......     16%         2    None
 Sublimation of Blood     Necr           #.........   16%         2    None
 Portal Projectile        Hex/Tloc       ##....       1%          3    None
 Dazzling Flash           Conj/Hex       #.....       2%          3    None
 Inner Flame              Hex/Fire       ###.....     2%          3    None
 Leda's Liquefaction      Hex/Erth       ##........   5%          4    ###....
 Yara's Violent Unravell  Hex/Tmut       ##........   11%         5    #####..
 Gell's Gravitas          Tloc           #.........   13%         3    None
 Ignite Poison            Fire/Tmut/Pois #.......     21%         3    None
 Stone Arrow              Conj/Erth      #.....       22%         3    None
 Mephitic Cloud           Conj/Pois/Air  #.......     26%         3    None
 Conjure Flame            Conj/Fire      #.......     32%         3    None
 Vampiric Draining        Necr           #.........   32%         3    None
 Petrify                  Tmut/Erth      #.......     36%         4    ###....
 Animate Dead             Necr           N/A          71%         4    ###....
 Dispel Undead            Necr           #.......     71%         4    ###....
 Olgreb's Toxic Radiance  Pois           #.......     71%         4    ###....
 Lee's Rapid Deconstruct  Erth           #.........   80%         5    #####..
 Bolt of Magma            Conj/Fire/Erth #.........   93%         5    #####..
 Agony                    Necr           #.......     96%         5    #####..
 Excruciating Wounds      Chrm/Necr      #.........   96%         5    #####..
 Iskenderun's Battlesphe  Conj/Chrm      #.......     96%         5    #####..
 Discord                  Hex            ###.......   98%         8    #######
 Death Channel            Necr           #.........   100%        6    ######.
 Freezing Cloud           Conj/Ice/Air   #.........   100%        6    ######.
 Iron Shot                Conj/Erth      #.........   100%        6    ######.
 Simulacrum               Ice/Necr       #.........   100%        6    ######.
 Orb of Destruction       Conj           #.........   100%        7    #######
 Ring of Flames           Chrm/Fire      #.........   100%        7    #######
 Spellforged Servitor     Conj/Summ      #.........   100%        7    #######


Dungeon Overview and Level Annotations

Branches:
Dungeon (15/15)            Temple (1/1) D:5            Lair (6/6) D:10
  Swamp (4/4) Lair:4        Snake (4/4) Lair:2          Orc (2/2) D:11
    Elf (0/3) Orc:2        Depths (5/5) D:15            Zot (5/5) Depths:5
  IceCv (visited)         Gauntlet (visited)
  Slime: Lair:5-6    Vaults: D:13-14

Altars:
Ashenzari
Cheibriados
Dithmenos
Elyvilon
Fedhas
Gozag
Hepliaklqana
Makhleb
Nemelex Xobeh
Okawaru
Qazlal
Ru
Trog
Uskayaw
Vehumet
Wu Jian
Xom
Yredelemnul
Zin
The Shining One
Beogh

Shops:
D:9 *   Orc:2 [*:(*   Snake:2 %

Portals:
Hell: Depths:2
Abyss: Depths:3

Annotations:
D:1 1 runed translucent door
D:6 exclusions: orc wizard and worker ant
D:7 exclusion: 4 killer bees
D:8 2 transporters, inmateoo's ghost, novice GrAr
D:9 exclusions: 3 gnolls and gnoll sergeant
D:10 exclusion: eye of draining
D:13 exclusions: 3 yaks and zombie
D:15 Rupert
Lair:4 swamp, exclusion: komodo dragon
Lair:5 exclusions: black mamba and hog, Kirke
Swamp:3 Mara
Swamp:4 exclusion: shambling mangrove
Snake:1 Aizul
Snake:2 exclusion: anaconda
Snake:3 exclusions: shock serpent and 1 more exclusion
Snake:4 exclusions: naga and naga mage
Orc:2 2 transporters, Raspi's ghost, adept HOFi
Depths:2 exclusion: ettin


Innate Abilities, Weirdness & Mutations

You are very small and have problems with some larger weapons.
You are too small for most types of armour.
You have supernaturally acute eyesight. (SInv)
You are a herbivore.
You cover ground extremely quickly.
You need to consume almost no food.
You have a pair of small antennae on your head.
You are partially covered in rugged brown scales. (AC +1, +3% HP)
You have a somewhat thin skeletal structure. (Dex +2, Stealth)
You possess an exceptional clarity of mind.


Message History

Yoink!
You pull the item towards yourself.
You block the Orb Guardian's attack.
The Killer Klown blinks!
An electric golem comes into view.
An orb of fire comes into view.
The electric golem blinks!
The Orb Guardian completely misses you. You block the Orb Guardian's attack.
There are no items here.
Casting: Apportation (safe; 3% risk of failure)
Confirm with . or Enter, or press ? or * to list all spells.
Aiming: Apportation (safe; 3% risk of failure)
Press: ? - help, Dir - move target cursor Apport: the Orb of Zot You feel an extremely numb sensation.
You miscast Apportation.
Nothing appears to happen.
The Orb Guardian hits you!
* * * LOW HITPOINT WARNING * * *
You emit a cloud of dark smoke.
You feel drained. You block the Orb Guardian's attack.
The Killer Klown blinks!
You block the Orb Guardian's attack.
Casting: Apportation (safe; 3% risk of failure)
Confirm with . or Enter, or press ? or * to list all spells.
Aiming: Apportation (safe; 3% risk of failure)
Press: ? - help, Dir - move target cursor Apport: the Orb of Zot You feel an extremely numb sensation.
The Orb shrieks and becomes a dead weight against your magic!
The Orb Guardian closely misses you. The Orb Guardian hits you.
* * * LOW HITPOINT WARNING * * *
You emit a cloud of dark smoke.
You feel drained. You block the Orb Guardian's attack. x2
Casting: Apportation (safe; 3% risk of failure)
Confirm with . or Enter, or press ? or * to list all spells.
Aiming: Apportation (safe; 3% risk of failure)
Press: ? - help, Dir - move target cursor Apport: the Orb of Zot You feel an extremely numb sensation.
The Orb shrieks and becomes a dead weight against your magic!
The Orb Guardian barely misses you. The Orb Guardian hits you!!!
* * * LOW HITPOINT WARNING * * *
You emit a cloud of dark smoke.
You feel drained. The Orb Guardian misses you.
You block the Orb Guardian's attack.
Casting: Apportation (safe; 4% risk of failure)
Confirm with . or Enter, or press ? or * to list all spells.
Aiming: Apportation (safe; 4% risk of failure)
Press: ? - help, Dir - move target cursor Apport: the Orb of Zot You feel an extremely numb sensation.
The Orb shrieks and becomes a dead weight against your magic!
The Orb Guardian completely misses you. You block the Orb Guardian's attack.
The Orb Guardian hits you!!
You die...

*** ▓▓▓▓..§§§§§§. ,,***
##▓.§..d§§§d§§. ,,,,**
##..§X§.qd§d§§X. ,,,,,* **▓▓▓▓▓▓*
#..X§§§§d§§§§§§.
,,,,,***,......▓*▓.qd§§§§§§§§§§§.
,,,,,**,,.......▓▓XdXd.§§§§§§§§p.
,,,,,*,^,.✱...§§§▓XLl..§§§.p§....
,,,,,,,,,.8X..XXXX✱XX.§§✱§8......
,,,,,*,^,...X.§XW▓{X✱............
,,,,,**,^.....§X▓▓{pX.........D..
,^,,,***,......▓*▓{......^.......
,,,^,* **▓▓▓▓▓▓* ▓.^...........,,
,,,,** ▓▓............,, ,,***
▓▓▓..........,, *** ▓▓▓▓.......,,
*▓▓▓▓▓▓▓**


You could see an orb of fire, an ancient lich (invisible), 2 draconians, a
yellow draconian, a yellow draconian stormcaller, 11 Orb Guardians and a komodo
dragon (summoned).

Vanquished Creatures
  A lich (Depths:1)
  Jorgrun (Orc:2)
  A draconian monk (Zot:2)
  A storm dragon (Zot:2)
  Louise (Snake:1)
  A draconian knight (Zot:4)
  An orc warlord (Orc:2)
  2 spriggan defenders (Depths:3)
  2 draconian stormcallers (Zot:4)
  A very ugly thing (Depths:2)
  4 stone giants
  2 green draconians
  2 purple draconians
  A red draconian (Depths:5)
  3 white draconians
  A yellow draconian (Zot:2)
  3 ettins
  A great orb of eyes (Depths:3)
  2 yaktaur captains
  3 fire dragons
  2 rakshasas
  3 hydras
  3 naga warriors
  3 centaur warriors
  4 ice dragons
  3 two-headed ogres
  4 alligators
  An orc high priest (Orc:2)
  A deep troll earth mage (Depths:2)
  2 deep troll shamans (Depths:2)
  3 vampire magi
  A shock serpent (shapeshifter) (Depths:3)
  Urug (D:11)
  A spriggan berserker (Depths:2)
  2 naga sharpshooters (Snake:1)
  6 spriggans
  A wretched star (Abyss:3)
  A fire crab (Gauntlet)
  An iron troll (Depths:2)
  3 deep trolls
  A glowing orange brain (Depths:3)
  A naga ritualist (Snake:1)
  3 swamp dragons
  3 orc knights (Orc:2)
  3 necromancers
  A mana viper (Snake:1)
  3 orc sorcerers (Orc:2)
  2 deep elf magi (D:15)
  A salamander (Snake:1)
  A manticore (D:14)
  4 cyclopes
  3 guardian serpents
  11 black mambas
  An elephant (Lair:4)
  3 moths of wrath
  A naga mage (Snake:1)
  A torpor snail (Lair:4)
  6 spiny frogs
  A kobold demonologist (D:12)
  A gargoyle (D:11)
  3 komodo dragons
  4 yaktaurs (Depths:3)
  A polar bear (Lair:3)
  A queen bee (D:8)
  5 trolls
  4 tyrant leeches
  3 blink frogs (Swamp:3)
  6 hornets
  14 slime creatures
  A fire giant simulacrum (Depths:1)
  5 hippogriffs
  2 raiju
  A wyvern (D:8)
  3 yaks
  3 fire bats (Gauntlet)
  6 vampire mosquitoes
  3 hungry ghosts
  A basilisk (Lair:1)
  A chaos spawn (Abyss:3)
  A warg (D:11)
  4 swamp worms
  14 nagas
  4 water moccasins
  20 orc warriors
  2 porcupines (Lair:3)
  3 ice beasts
  3 sky beasts
  An eye of draining (D:15)
  3 swamp drakes
  A black bear (D:6)
  An ice dragon simulacrum (Depths:1)
  6 wolves
  7 boggarts
  2 centaurs
  8 ogres
  3 crocodiles
  3 big kobolds
  13 bullfrogs
  A human simulacrum (Depths:1)
  A wyvern zombie (D:8)
  A water moccasin zombie (D:10)
  A water moccasin skeleton (D:9)
  25 killer bees
  2 wights (D:9)
  3 howler monkeys (D:14)
  2 crimson imps (D:9)
  2 bullfrog zombies (D:8)
  2 jellies
  A quasit (D:14)
  14 orc priests
  4 bullfrog skeletons
  6 centaur skeletons
  8 hounds
  16 orc wizards
  7 worker ants
  3 hound skeletons
  2 worker ant zombies (D:7)
  6 adders
  A gnoll (D:6)
  2 shadow imps (D:7)
  7 white imps (IceCv)
  3 ufetubi (IceCv)
  An adder skeleton (D:8)
  A worm (D:5)
  A leopard gecko (D:1)
  36 orcs
  A giant cockroach (D:2)
  3 goblins (D:1)
  A hobgoblin (D:1)
  5 jackals
  A quokka (D:9)
  2 bats
  2 frilled lizards (D:1)
  15 kobolds
  A quokka skeleton (D:5)
  5 rats
  A fungus (Lair:5)
493 creatures vanquished.

Vanquished Creatures (collateral kills)
  A tentacled monstrosity (Zot:2)
  An ettin (Depths:5)
  A two-headed ogre (Orc:2)
  An ogre (Orc:1)
  An orc wizard (Orc:1)
  4 orcs (Orc:1)
9 creatures vanquished.

Vanquished Creatures (others)
  9 dancing weapons
  5 insubstantial wisps (Swamp:4)
  A white imp (IceCv)
  An ufetubus (IceCv)
  A quokka (D:14)
  2 briar patches (Swamp:4)
  11 fungi
  8 plants
  8 starspawn tentacles (Abyss:3)
  4 toadstools (D:11)
50 creatures vanquished.

Grand Total: 552 creatures vanquished

Notes
Turn   | Place    | Note
-------+----------+-------------------------------------------
     0 | D:1      | Flugkiller the Spriggan Enchanter began the quest for the
                  | Orb.
     0 | D:1      | Reached XP level 1. HP: 9/9 MP: 5/5
     1 | D:1      | Found a runed translucent door.
    98 | D:1      | Reached skill level 5 in Stealth
   164 | D:1      | Reached XP level 2. HP: 13/13 MP: 6/6
   201 | D:1      | Learned a level 2 spell: Ensorcelled Hibernation
   604 | D:4      | Noticed a wight
   604 | D:4      | Noticed a wight
   776 | D:4      | Noticed an ogre
   785 | D:4      | Killed an ogre
   785 | D:4      | Reached skill level 8 in Stealth
   785 | D:4      | Reached XP level 3. HP: 16/16 MP: 8/8
   785 | D:4      | Reached XP level 4. HP: 21/21 MP: 9/9
   821 | D:5      | Entered Level 5 of the Dungeon
   822 | D:5      | Found a glowing silver altar of Zin.
  1025 | D:5      | Found a staircase to the Ecumenical Temple.
  1032 | Temple   | Entered the Ecumenical Temple
  1114 | Temple   | Became a worshipper of Dithmenos the Shadowed
  1312 | D:5      | Learned a level 3 spell: Confusing Touch
  1656 | D:5      | Reached XP level 5. HP: 24/24 MP: 6/10
  1811 | D:6      | Reached skill level 5 in Hexes
  1968 | D:6      | Noticed an ogre
  2061 | D:6      | Killed an ogre
  2061 | D:6      | Reached XP level 6. HP: 28/28 MP: 4/13
  2496 | D:6      | Noticed an ice beast
  2541 | D:6      | Reached XP level 7. HP: 29/32 MP: 11/15
  2583 | D:7      | Reached skill level 5 in Spellcasting
  2713 | D:7      | Found a sacrificial altar of Ru.
  3060 | D:7      | Found a blossoming altar of Fedhas.
  3080 | D:7      | Reached skill level 1 in Fighting
  3144 | D:7      | Reached * piety under Dithmenos
  3222 | D:7      | Reached skill level 9 in Stealth
  3561 | D:7      | Found a sparkling altar of Nemelex Xobeh.
  3561 | D:7      | Found a hide-covered altar of Uskayaw.
  3562 | D:7      | Found an iron altar of Okawaru.
  3588 | D:7      | Reached skill level 10 in Stealth
  3588 | D:7      | Reached XP level 8. HP: 37/37 MP: 13/16
  3669 | D:7      | Found a shadowy altar of Dithmenos.
  3686 | D:7      | Noticed a hippogriff
  3783 | D:8      | Found a transporter.
  3790 | D:8      | Found a transporter.
  3807 | D:8      | Reached skill level 11 in Stealth
  3874 | D:8      | Reached skill level 12 in Stealth
  4587 | D:8      | Noticed a queen bee
  4589 | D:8      | Noticed a moth of wrath
  4592 | D:8      | Noticed inmateoo's ghost (novice GrAr)
  4610 | D:8      | Found a bloodstained altar of Trog.
  4641 | D:8      | Reached skill level 5 in Dodging
  4691 | D:8      | Killed a queen bee
  4723 | D:8      | Reached XP level 9. HP: 37/42 MP: 7/17
  4910 | D:8      | Reached skill level 5 in Short Blades
  5389 | D:8      | Reached ** piety under Dithmenos
  5432 | D:8      | Reached skill level 10 in Dodging
  6072 | D:8      | Found a shimmering altar of Xom.
  6075 | D:8      | Found a shimmering altar of Xom.
  6092 | D:8      | Found a shimmering altar of Xom.
  6247 | D:8      | Reached skill level 1 in Evocations
  6259 | D:8      | Found an iron altar of Okawaru.
  6275 | D:7      | Reached skill level 1 in Invocations
  6275 | D:7      | Reached XP level 10. HP: 15/46 MP: 4/18
  6621 | D:9      | Found Noeduag's General Store.
  6997 | D:9      | Noticed a two-headed ogre
  7058 | D:9      | Learned a level 3 spell: Tukima's Dance
  7210 | D:9      | Reached *** piety under Dithmenos
  7238 | D:10     | Entered Level 10 of the Dungeon
  7267 | D:10     | Learned a level 2 spell: Blink
  7344 | D:10     | Reached skill level 1 in Translocations
  7389 | D:10     | Found a stormy altar of Qazlal.
  7559 | D:10     | Found a staircase to the Lair.
  7564 | Lair:1   | Entered Level 1 of the Lair of Beasts
  7691 | Lair:3   | Noticed a spiny frog
  7696 | Lair:3   | Killed a spiny frog
  7739 | Lair:3   | Reached skill level 5 in Evocations
  7790 | Lair:4   | Noticed a torpor snail
  7795 | Lair:4   | Killed a torpor snail
  7821 | Lair:3   | Noticed a spiny frog
  7828 | Lair:3   | Killed a spiny frog
  7924 | Lair:4   | Noticed a black mamba
  7924 | Lair:4   | Noticed a black mamba
  7952 | Lair:4   | Killed a black mamba
  7952 | Lair:4   | Reached XP level 11. HP: 53/53 MP: 14/19
  8166 | Lair:4   | Reached skill level 5 in Invocations
  8715 | Lair:2   | Found a staircase to the Snake Pit.
  8775 | Lair:2   | Reached **** piety under Dithmenos
  9060 | Lair:5   | Noticed Kirke
  9297 | Lair:6   | Entered Level 6 of the Lair of Beasts
  9754 | D:11     | Found a staircase to the Orcish Mines.
  9763 | Orc:1    | Entered Level 1 of the Orcish Mines
  9783 | Orc:1    | Reached skill level 5 in Fighting
 10114 | Orc:1    | Noticed an orc knight
 10119 | Orc:1    | Noticed an orc knight
 10277 | Orc:2    | Entered Level 2 of the Orcish Mines
 10277 | Orc:2    | Noticed a two-headed ogre
 10299 | Orc:2    | Noticed Jorgrun
 10308 | Orc:2    | Noticed a two-headed ogre
 10320 | Orc:2    | Killed Jorgrun
 10320 | Orc:2    | Reached skill level 13 in Stealth
 10320 | Orc:2    | Reached skill level 10 in Hexes
 10320 | Orc:2    | Reached XP level 12. HP: 26/60 MP: 23/23
 10326 | Orc:2    | Killed a two-headed ogre
 10440 | Orc:2    | Killed a two-headed ogre
 10450 | Orc:2    | Found Megeminn's General Store.
 10463 | Orc:2    | Bought a scroll of teleportation for 42 gold pieces
 10625 | Orc:2    | Reached skill level 14 in Stealth
 10858 | Orc:2    | Noticed an orc warlord
 11550 | Orc:2    | Found a roughly hewn altar of Beogh.
 12226 | Orc:2    | Paralysed by an orc sorcerer for 7 turns
 12575 | Orc:2    | Reached ***** piety under Dithmenos
 12575 | Orc:2    | Reached skill level 15 in Stealth
 12730 | Orc:2    | Killed an orc warlord
 12795 | Orc:2    | Reached skill level 16 in Stealth
 12814 | Orc:2    | Found Fiuruunk's General Store.
 12814 | Orc:2    | Noticed an orc high priest
 12971 | Orc:2    | Found Gawinkaq's Antique Armour Shop.
 12989 | Orc:2    | Killed an orc high priest
 13010 | Orc:2    | Found Ummiwn's Book Shop.
 13026 | Orc:2    | Found Merebrum's Antique Weapon Shop.
 13104 | Orc:2    | Bought a buckler for 112 gold pieces
 13125 | Orc:2    | Bought a book of Debilitation for 520 gold pieces
 13130 | Orc:2    | Learned a level 4 spell: Cause Fear
 13176 | Orc:2    | Found a staircase to the Elven Halls.
 13315 | Orc:2    | Noticed Raspi's ghost (adept HOFi)
 13317 | Orc:2    | Identified the +6 dire flail of Neurosis {venom, Int+7}
 13317 | Orc:2    | Noticed a two-headed ogre
 13318 | Orc:2    | Found a transporter.
 13320 | Orc:2    | Found a transporter.
 13323 | Orc:2    | Noticed a two-headed ogre
 13323 | Orc:2    | Noticed a two-headed ogre
 13500 | D:11     | Learned a level 1 spell: Apportation
 13518 | D:11     | Reached skill level 1 in Shields
 13535 | D:11     | Noticed Urug
 13581 | D:11     | Killed Urug
 13768 | D:13     | Noticed a centaur warrior
 13781 | D:13     | Noticed a tengu warrior
 14013 | Orc:1    | You fall into a shaft and drop 1 floor!
 14049 | Orc:2    | Bought a book of Geomancy for 455 gold pieces
 14052 | Orc:2    | Learned a level 2 spell: Passwall
 14266 | Snake:1  | Entered Level 1 of the Snake Pit
 14271 | Snake:1  | Noticed Louise
 14471 | Snake:1  | Reached skill level 17 in Stealth
 14471 | Snake:1  | Reached skill level 1 in Transmutations
 14479 | Snake:1  | Noticed a naga warrior
 14485 | Snake:1  | Reached XP level 13. HP: 59/63 MP: 15/24
 14496 | Lair:2   | Reached skill level 1 in Earth Magic
 14855 | Snake:1  | Killed Louise
 14868 | Snake:1  | Found a frozen archway.
 14872 | IceCv    | Entered an ice cave
 15339 | Snake:1  | Noticed Aizul
 15394 | Snake:2  | Found Haorays's Food Shoppe.
 15405 | Snake:3  | Found a sacrificial altar of Ru.
 15448 | Snake:4  | Entered Level 4 of the Snake Pit
 15787 | Snake:4  | Noticed a nagaraja
 15900 | Snake:4  | Noticed a nagaraja
 15900 | Snake:4  | Noticed a nagaraja
 15901 | Snake:4  | Noticed a nagaraja
 15901 | Snake:4  | Noticed a nagaraja
 15902 | Snake:4  | Noticed a nagaraja
 15912 | Snake:4  | Got a serpentine rune of Zot
 15914 | Snake:4  | Noticed a nagaraja
 16187 | Lair:4   | Found a staircase to the Swamp.
 16303 | Swamp:1  | Entered Level 1 of the Swamp
 16306 | Swamp:1  | You fall into a shaft and drop 1 floor!
 16454 | Swamp:2  | Noticed a thorn hunter
 16466 | Swamp:2  | Reached skill level 18 in Stealth
 16786 | Swamp:4  | Entered Level 4 of the Swamp
 17063 | Swamp:3  | Reached XP level 14. HP: 22/68 MP: 18/27
 17488 | Swamp:3  | Noticed Mara
 17597 | Swamp:4  | Noticed a bone dragon
 17601 | Swamp:4  | Got a decaying rune of Zot
 17609 | Swamp:4  | Noticed a thorn hunter
 18282 | D:14     | Found a white marble altar of Elyvilon.
 18526 | D:14     | Found a gate leading to a gauntlet.
 18541 | Gauntlet | Entered a Gauntlet
 18541 | Gauntlet | Found a transporter.
 18541 | Gauntlet | Found a transporter.
 18553 | Gauntlet | Found a transporter.
 18570 | Gauntlet | Found a transporter.
 18570 | Gauntlet | Found a transporter.
 18572 | Gauntlet | Found a transporter.
 18572 | Gauntlet | Found a transporter.
 18573 | Gauntlet | Found a transporter.
 18576 | Gauntlet | Found a runed translucent door.
 18585 | Gauntlet | Found a transporter.
 18601 | Gauntlet | Found a transporter.
 18601 | Gauntlet | Noticed a reaper
 18603 | Gauntlet | Found a runed translucent door.
 18611 | Gauntlet | Found a transporter.
 18626 | Gauntlet | Found a transporter.
 18645 | Gauntlet | Found a transporter.
 18656 | Gauntlet | Found a transporter.
 18708 | Gauntlet | Got a twitching wooden ring
 18819 | Gauntlet | Identified the ring of Yendor {MR+++ Int+4 Dex-3 Stlth-}
                  | (You found it in a Gauntlet)
 18843 | Gauntlet | Got a clouded pewter ring
 18970 | Gauntlet | Identified the ring of Vucvus {Fire Int+5 Slay+2} (You
                  | found it in a Gauntlet)
 18999 | Gauntlet | Identified the Incunabulum of Dark Benedictions
 19000 | Gauntlet | Got a crude granite ring
 19030 | D:14     | Identified the ring "Feshod" {MR+ Str+6} (You found it in a
                  | Gauntlet)
 19198 | D:15     | Entered Level 15 of the Dungeon
 19290 | D:15     | Reached skill level 19 in Stealth
 19384 | D:15     | Noticed Rupert
 19636 | D:15     | Found a staircase to the Depths.
 19641 | Depths:1 | Entered Level 1 of the Depths
 19661 | Depths:1 | Noticed a stone giant
 19766 | Depths:1 | Noticed a lich
 19769 | Depths:1 | Killed a lich
 19784 | Depths:1 | Noticed a stone giant
 20059 | Depths:1 | Noticed a stone giant
 20167 | Depths:1 | Killed a stone giant
 20173 | Depths:1 | Noticed a fire giant
 20500 | Depths:2 | Reached skill level 10 in Invocations
 20620 | Depths:2 | Noticed a stone giant
 20694 | Depths:2 | Killed a stone giant
 20705 | Depths:2 | Noticed a stone giant
 20721 | Depths:2 | Noticed a brown very ugly thing
 20884 | Depths:2 | Noticed a stone giant
 20930 | Depths:3 | Noticed a stone giant
 21060 | Depths:3 | Noticed a red very ugly thing
 21061 | Depths:3 | Noticed a red very ugly thing
 21262 | Depths:2 | Noticed a purple very ugly thing
 21263 | Depths:2 | Found a gateway to Hell.
 21278 | Depths:2 | Killed a purple very ugly thing
 21278 | Depths:2 | Reached XP level 15. HP: 72/72 MP: 23/28
 21579 | Depths:3 | Found a one-way gate to the infinite horrors of the Abyss.
 21599 | Depths:3 | Voluntarily entered the Abyss.
 21617 | Abyss:1  | Identified a scroll of acquirement
 21770 | Abyss:3  | Noticed a tentacled starspawn
 21772 | Abyss:3  | Noticed a tentacled starspawn
 21776 | Abyss:3  | Got an abyssal rune of Zot
 21798 | Abyss:3  | Found a corrupted altar of Lugonu.
 21989 | Abyss:3  | Noticed a tentacled monstrosity
 22022 | Depths:3 | Escaped the Abyss
 22316 | Depths:3 | Gained mutation: You are partially covered in rugged brown
                  | scales. (AC +1, +3% HP) [mutagenic glow]
 22383 | Depths:2 | Gained mutation: You are clumsy. (Dex -2) [mutagenic glow]
 22433 | Depths:2 | Gained mutation: You are very clumsy. (Dex -4) [mutagenic
                  | glow]
 22492 | Depths:2 | Gained mutation: You are frail. (-10% HP) [mutagenic glow]
 22579 | Depths:2 | Lost mutation: You are frail. (-10% HP) [potion of
                  | mutation]
 22579 | Depths:2 | Lost mutation: You are very clumsy. (Dex -4) [potion of
                  | mutation]
 22579 | Depths:2 | Lost mutation: You are clumsy. (Dex -2) [potion of
                  | mutation]
 22579 | Depths:2 | Gained mutation: You have a pair of small antennae on your
                  | head. [potion of mutation]
 22579 | Depths:2 | Gained mutation: You have a somewhat thin skeletal
                  | structure. (Dex +2, Stealth) [potion of mutation]
 22579 | Depths:2 | Gained mutation: You possess an exceptional clarity of
                  | mind. [potion of mutation]
 22674 | Depths:2 | Reached skill level 15 in Dodging
 23037 | Depths:5 | Entered Level 5 of the Depths
 23087 | Depths:5 | Reached skill level 20 in Stealth
 23222 | Depths:5 | Noticed a bone dragon
 23224 | Depths:5 | Found a gate to the Realm of Zot.
 23224 | Depths:5 | Noticed a storm dragon
 23227 | Depths:5 | Noticed a bone dragon
 23401 | Depths:5 | Learned a level 5 spell: Silence
 23407 | Depths:5 | Learned a level 5 spell: Metabolic Englaciation
 23470 | Depths:5 | Noticed a shadow dragon
 23473 | Zot:1    | Entered Level 1 of the Realm of Zot
 23519 | Zot:1    | Noticed a storm dragon
 23528 | Zot:1    | Noticed a golden dragon
 23542 | Zot:2    | Noticed a storm dragon
 23542 | Zot:2    | Noticed a purple draconian monk
 23545 | Zot:2    | Killed a purple draconian monk
 23545 | Zot:2    | Reached skill level 1 in Air Magic
 23548 | Zot:2    | Killed a storm dragon
 23727 | Zot:2    | Noticed a tentacled monstrosity
 23770 | Zot:2    | Killed a tentacled monstrosity
 23891 | Zot:3    | Noticed a tentacled monstrosity
 23891 | Zot:3    | Noticed a tentacled monstrosity
 23993 | Zot:4    | Noticed a red draconian knight
 24069 | Zot:4    | Killed a red draconian knight
 24265 | Zot:5    | Entered Level 5 of the Realm of Zot
 24304 | Zot:5    | Noticed an Orb Guardian
 24304 | Zot:5    | Noticed an Orb Guardian
 24304 | Zot:5    | Noticed an Orb Guardian
 24311 | Zot:5    | Noticed an Orb Guardian
 24312 | Zot:5    | Noticed an Orb Guardian
 24315 | Zot:5    | Noticed a storm dragon
 24320 | Zot:5    | Noticed an Orb Guardian
 24321 | Zot:5    | Noticed an Orb Guardian
 24322 | Zot:5    | Noticed an Orb Guardian
 24327 | Zot:5    | Noticed a Killer Klown
 24327 | Zot:5    | Noticed a Killer Klown
 24328 | Zot:5    | Noticed a Killer Klown
 24330 | Zot:5    | Noticed an orb of fire
 24331 | Zot:5    | Noticed an ancient lich
 24331 | Zot:5    | Noticed an electric golem
 24332 | Zot:5    | Noticed a Killer Klown
 24336 | Zot:5    | Noticed an Orb Guardian
 24337 | Zot:5    | Noticed an Orb Guardian
 24338 | Zot:5    | Noticed an Orb Guardian
 24338 | Zot:5    | Noticed an Orb Guardian
 24339 | Zot:5    | Noticed an Orb Guardian
 24340 | Zot:5    | Noticed an Orb Guardian
 24340 | Zot:5    | Noticed an Orb Guardian
 24342 | Zot:5    | Noticed an Orb Guardian
 24342 | Zot:5    | Noticed an Orb Guardian
 24342 | Zot:5    | Noticed an Orb Guardian
 24343 | Zot:5    | Noticed an Orb Guardian
 24346 | Zot:5    | Noticed a shadow dragon
 24349 | Zot:5    | Noticed an Orb Guardian
 24351 | Zot:5    | Noticed an electric golem
 24351 | Zot:5    | Noticed an orb of fire
 24355 | Zot:5    | Slain by an Orb Guardian

Illustrated notes

Levels and vault maps discovered:
D:1:      dpeg_arrival_caged_fury, layout_loops_corners
D:2:      layout_basic
D:3:      layout_loops_ring, bh_walls_and_bars, uniq_crazy_yiuf_cottage
D:4:      layout_cave_pools, serial_shops, shop, first_ration, uniq_ijyb
D:5:      minmay_angry_zag, layout_loops_ring, lemuel_crystal_altar,
          minmay_temple_entry_waves
D:6:      minmay_flawed_box, layout_basic, minmay_bent
D:7:      layout_cave_pools, gammafunk_temple_overflow_claw,
          nicolae_ru_sacrificial_ziggurat, basic_altar, fedhas_altar_3
D:8:      layout_cave_pools, xom_redecorated, basic_altar,
          gammafunk_ghost_wrathful_warriors, david_nohive_1,
          hangedman_misty_isle
D:9:      layout_rooms, serial_shops, nicolae_shop_waterfront
D:10:     layout_long_grid, lair_entry_dummy, basic_altar,
          minmay_fire_ice_demons
D:11:     layout_cave_pods, david_orc_1_choice, minmay_strange_pillars,
          minmay_gold_behind_fungi, uniq_urug
D:12:     layout_roguey
D:13:     layout_basic, erik_vaults_2, uniq_nessos
D:14:     layout_irregular_city, gauntlet_entry_generic, minmay_crystal_water,
          elyvilon_altar_4
D:15:     hangedman_depths_entry_civil_slaughter, layout_loops_corners,
          hangedman_decor_opposing, uniq_rupert
Temple:   eino_temple_scatter_basement
Lair:1:   layout_gridlike, lemuel_fruit_fields
Lair:2:   layout_regular_city, guppyfry_snake_entry_island,
          gammafunk_ghost_wrathful_warriors
Lair:3:   layout_chaotic_city
Lair:4:   layout_gridlike, palyth_hydra_swamp_entry,
          chequers_serial_rivers_micro_e, lemuel_another_geyser
Lair:5:   layout_regular_city, wad_woods_river_01, uniq_kirke
Lair:6:   wormcave, layout_misc_corridors, guppyfry_lair_end_dragon,
          slime_altar_2
Swamp:1:  layout_basic_swamp, nicolae_swamp_fairy_circle, swamp_pool5
Swamp:2:  layout_falls_marsh, evilmike_swamp_ruin_house_1
Swamp:3:  layout_falls_marsh, evilmike_swamp_ruin_rubble_1, uniq_bai_suzhen,
          uniq_mara
Swamp:4:  swamp_pestilence, layout_basic_swamp
Snake:1:  nrook_guardian_serpent_snake_passage, layout_misc_corridors,
          portal_ice_cave_entry_pillars_three, hangedman_snake_thin_pillar_pass,
          uniq_louise, uniq_aizul
Snake:2:  layout_cave_shapes, serial_shops, shop_statue, nicolae_shop_stone,
          shop, grunt_ministairs_11
Snake:3:  skrybe_snakes_to_sticks, layout_rooms, basic_altar, minmay_shop_grove
Snake:4:  snake_pit, layout_rooms, uniq_agnes
Orc:1:    layout_caves
Orc:2:    grunt_orc_cross, layout_caves, serial_shops, nicolae_shop_trees,
          gammafunk_ghost_smash, uniq_jorgrun
Depths:1: layout_basic, minmay_tree_intersection, hell_entry,
          kennysheep_generic_room_2, grunt_megastairs_4, serial_bayou_shore_b
Depths:2: kennysheep_ambush_hall, layout_gridville, hell_entry,
          minmay_misc_feat_hallway, infiniplex_staircase_trident
Depths:3: due_jory_tower, layout_cave_pools, pf_coc_iceberg, abyss_entry,
          minmay_misc_feat_alley, rand_demon_pan_entry_8, uniq_asterion
Depths:4: evilmike_hourglass, layout_small_grid, enter_ziggurat_d,
          rand_demon_pan_entry_4, abyss_entry,
          nemelex_xobeh_ov_fountains_minmay, hell_entry
Depths:5: grunt_crosshair, layout_long_grid, hell_entry,
          lightli_fourway_metalbox, serial_bayou_shore_b
Zot:1:    layout_onion_interference
Zot:2:    layout_gridlike
Zot:3:    layout_onion
Zot:4:    layout_gridlike, grunt_megastairs_3
Zot:5:    layout_twisted_circle, gammafunk_ghost_wrathful_warriors

Skill      XL: |  1  2  3  4  5  6  7  8  9 10 11 12 13 14 15 |
---------------+----------------------------------------------+-----
Stealth        | 5 8 10 12 13 17 18 19 20 | 20.0
Spellcasting   | 3 4 5 7 8 |  8.1
Hexes          | 4 5 6 8 10 12 14 | 14.0
Fighting       | 1 2 4 5 7 |  7.0
Short Blades   | 4 5 7 8 |  8.0
Dodging        | 6 12 13 14 15 | 15.9
Evocations     | 1 6 7 8 |  8.1
Invocations    | 1 4 5 7 11 12 | 12.0
Translocations | 3 |  3.1
Shields        | 2 3 |  3.1
Transmutations | 1 4 |  4.2
Earth Magic    | 2 |  2.8
Air Magic      | 2 |  2.6

Action                   |  1- 3 |  4- 6 |  7- 9 | 10-12 | 13-15 || total
-------------------------+-------+-------+-------+-------+-------++-------
Melee: Dagger            |    46 |    81 |   279 |   462 |   490 ||  1358
 Cast: Corona            |     2 |       |     3 |     4 |       ||     9
       Ensorcelled Hiber |     3 |    23 |    97 |   178 |   140 ||   441
       Confusing Touch   |       |     2 |    12 |    21 |    24 ||    59
       Tukima's Dance    |       |       |       |     5 |    15 ||    20
       Blink             |       |       |       |     1 |       ||     1
       Cause Fear        |       |       |       |     4 |    26 ||    30
       Passwall          |       |       |       |       |    34 ||    34
       Apportation       |       |       |       |       |    32 ||    32
Invok: Shadow Step       |       |       |       |     1 |     9 ||    10
       Shadow Form       |       |       |       |       |     4 ||     4
 Abil: End Transformatio |       |       |       |       |     2 ||     2
Evoke: Wand              |       |       |     3 |    10 |    21 ||    34
       Box of beasts     |       |       |       |       |     1 ||     1
  Use: Scroll            |       |     2 |       |    26 |    22 ||    50
       Potion            |       |       |     7 |     2 |    12 ||    21
 Stab: Sleeping          |     7 |    13 |    49 |   114 |   123 ||   306
       Confused          |       |     3 |    11 |    20 |    25 ||    59
       Distracted        |       |       |       |     2 |     4 ||     6
       Paralysed         |       |       |       |     2 |     3 ||     5
  Eat: Ration            |       |       |     5 |     6 |     6 ||    17
Armor: Robe              |     2 |     8 |    19 |     8 |    20 ||    57
       Troll leather arm |       |       |       |    10 |       ||    10
Dodge: Dodged            |    33 |    76 |   290 |   415 |   372 ||  1186
Block: Other             |       |       |       |    15 |       ||    15
       Buckler           |       |       |       |    25 |   310 ||   335
       Reflection        |       |       |       |     5 |    35 ||    40
